 Dungeon Crawl Stone Soup version 0.18.1-1-g2f07953 (webtiles) character file.

3019 MDvedh the Basher (level 9, -39/53 HPs)
             Began as a Gargoyle Fighter on May 7, 2016.
             Was a Believer of Okawaru.
             Killed from afar by Erolcha (55 damage)
             ... with a crystal spear
             ... on level 8 of the Dungeon.
             The game lasted 00:16:15 (9422 turns).

MDvedh the Basher (Gargoyle Fighter)                Turns: 9422, Time: 00:16:16

Health: -39/53     AC: 18    Str: 21    XL:     9   Next: 85%
Magic:  0/9        EV:  7    Int: 10    God:    Okawaru [**....]
Gold:   442        SH: 10    Dex: 10    Spells: 0 memorised, 8 levels left

rFire  . . .     SeeInvis .     a - +0 flail
rCold  . . .     Gourm    .     q - +0 chain mail
rNeg   + . .     Faith    .     c - +0 shield
rPois  ∞         Spirit   +     (no helmet)
rElec  +         Dismiss  .     u - +0 cloak
rCorr  .         Reflect  .     E - +0 pair of gloves
SustAt .         Harm     .     (no boots)
MR     +....                    F - amulet of guardian spirit
Stlth  ..........               z - ring of protection from magic
                                n - ring of stealth

@: very slightly contaminated, invisible, somewhat resistant to hostile
enchantments, extremely unstealthy
A: negative energy resistance 1, electricity resistance, unbreathing,
petrification resistance, rot immunity, AC +5
a: Heroism, Renounce Religion


You were on level 8 of the Dungeon.
You worshipped Okawaru.
Okawaru was pleased with you.
You were hungry.

You visited 2 branches of the dungeon, and saw 9 of its levels.

You collected 442 gold pieces.

Inventory:

Hand Weapons
 a - a +0 flail (weapon)
Armour
 c - a +0 shield (worn)
 q - a +0 chain mail (worn)
 u - a +0 cloak (worn)
 E - a +0 pair of gloves (worn)
Jewellery
 n - a ring of stealth (left hand)
 v - the ring of Doxih {Wiz +Inv}
   (You found it on level 4 of the Dungeon)

   [ring of wizardry]

   It improves your spell success rate.
   It lets you turn invisible.
 z - a ring of protection from magic (right hand)
 F - an amulet of guardian spirit (around neck)
Wands
 y - a wand of slowing (35/48)
 A - a wand of disintegration (24/24)
 C - a wand of polymorph (19/24)
 D - a wand of flame (19/48)
Scrolls
 e - 5 scrolls of remove curse
 i - 2 scrolls of teleportation
 l - a scroll of amnesia
 m - 4 scrolls of immolation
 I - a scroll of noise
 J - a scroll of fog
Potions
 d - a potion of ambrosia {unknown}
 h - 2 potions of curing
 j - 2 potions of brilliance
 p - 2 potions of lignification
Books
 x - a book of Fire

   Spells                             Type                      Level
   a - Ignite Poison                  Fire/Transmutation/Poison    3
   b - Fireball                       Conjuration/Fire             5
   c - Bolt of Fire                   Conjuration/Fire             6
   d - Delayed Fireball               Conjuration/Fire             7
   e - Ring of Flames                 Charms/Fire                  7
Comestibles
 g - 5 meat rations
 r - 2 bread rations
 s - 2 beef jerkies
 t - a slice of pizza


   Skills:
 - Level 4.9 Fighting
 + Level 10.4 Maces & Flails
 - Level 5.3 Armour
 - Level 3.4 Dodging
 - Level 0.8 Stealth
 - Level 6.6 Shields


You had 8 spell levels left.
You didn't know any spells.

Dungeon Overview and Level Annotations

Branches:
Dungeon (8/15)             Temple (1/1) D:5
   Lair: D:8-11

Altars:
Ashenzari
Cheibriados
Dithmenos
Elyvilon
Fedhas
Gozag
Kikubaaqudgha
Makhleb
Nemelex Xobeh
Okawaru
Pakellas
Qazlal
Ru
Sif Muna
Trog
Vehumet
Xom
Yredelemnul
Zin
The Shining One

Annotations:
D:8 Erolcha


Innate Abilities, Weirdness & Mutations

You are resistant to torment.
Your stone body is resilient (AC +5).
You are immune to poison.
You resist negative energy.
You are resistant to electric shocks.
You can survive without breathing.
You are immune to petrification.
You are immune to rotting.


Message History

You block the orc priest's attack.
Erolcha screams, "Erolcha happy to kill you!"
Erolcha hits you with a giant spiked club!
Unknown command.
You closely miss the orc priest.
The orc priest is almost dead.
You block the orc priest's attack.
Unknown command.
You hit the orc priest.
The orc priest is almost dead.
You block Erolcha's attack.
The orc warrior hits you with a halberd.
* * * LOW HITPOINT WARNING * * *
The orc priest hits you but does no damage.
Unknown command.
You block the orc warrior's attack. Erolcha gestures at you while chanting.
The crystal spear hits you!
Ouch! That really hurt!
You die...

#...###...# #..#......## #.#
#....##...######........### #o#
##....#.......##..###......####..
#.........###..).## ##...........
.........## ###.## ##......#...<
....####.# #..# ##.)..######.#
#..## #.## ##.###.Y##.### #.##
#..# #..# #....o####..###.# #..#
##.### #@.Oo## #......# #..#
###...#.>.##..## #.....##
#..####...#.....###..## ##....##
....##..####..<.####..# #.....#.
##.....## #.....# ##.## #.......
#####.## #.....## #..###.......
#..# ##.....###...#........ #
##.# ##..........)......... #
##.#####......#######.....(..


You could see Erolcha, an orc warrior, an ice beast and an orc priest.

Vanquished Creatures
  Pikel (D:5)
  Sigmund (D:2)
  A hippogriff (D:7)
  A water moccasin (D:7)
  3 orc warriors
  A phantom (D:7)
  A black bear (D:8)
  An ice beast (D:5)
  4 ogres
  A big kobold (D:7)
  3 giant frogs
  A gnoll sergeant (D:5)
  A scorpion (D:5)
  3 crimson imps
  A giant frog zombie (D:8)
  3 hounds
  A jelly (D:8)
  2 orc priests
  4 orc wizards
  2 iguanas (D:8)
  5 worker ants
  A hound zombie (D:5)
  3 gnolls
  A worker ant zombie (D:7)
  13 adders
  A howler monkey skeleton (D:6)
  A shadow imp (D:5)
  2 dart slugs
  5 giant geckos
  22 orcs
  2 giant cockroaches
  6 goblins
  13 hobgoblins
  4 jackals (D:1)
  11 kobolds
  2 quokkas
  9 bats
  A giant newt (D:1)
  A quokka skeleton (D:5)
  7 rats
146 creatures vanquished.

Vanquished Creatures (others)
  A slave (D:5)
  A worker ant (D:5)
  A gnoll (D:5)
  A quokka (D:5)
4 creatures vanquished.

Grand Total: 150 creatures vanquished

Notes
Turn   | Place    | Note
--------------------------------------------------------------
     0 | D:1      | MDvedh the Gargoyle Fighter began the quest for the Orb.
     0 | D:1      | Reached XP level 1. HP: 14/14 MP: 1/1
   177 | D:1      | Reached XP level 2. HP: 15/19 MP: 2/2
   409 | D:1      | Reached XP level 3. HP: 21/23 MP: 3/3
   856 | D:1      | Reached skill level 1 in Dodging
  1169 | D:2      | Noticed Sigmund
  1177 | D:2      | Killed Sigmund
  1177 | D:2      | Reached XP level 4. HP: 8/29 MP: 4/4
  1177 | D:2      | Reached XP level 5. HP: 9/33 MP: 5/5
  2310 | D:2      | Reached XP level 6. HP: 34/38 MP: 6/6
  2365 | D:3      | Reached skill level 5 in Shields
  2551 | D:3      | Found a faded altar to an unknown god.
  2713 | D:3      | You fall through a shaft for 3 floors!
  2733 | D:6      | Reached skill level 3 in Maces & Flails
  3009 | D:5      | Entered Level 5 of the Dungeon
  3021 | D:5      | Reached XP level 7. HP: 23/43 MP: 7/7
  3029 | D:5      | Noticed Pikel
  3049 | D:5      | Killed Pikel
  3049 | D:5      | Reached skill level 5 in Armour
  3049 | D:5      | Reached XP level 8. HP: 28/48 MP: 8/8
  3205 | D:5      | Reached skill level 4 in Maces & Flails
  3519 | D:4      | Got an ancient brass ring
  3520 | D:4      | Identified the ring of Doxih {Wiz +Inv} (You found it on level 4 of the Dungeon)
  3925 | D:5      | Found a staircase to the Ecumenical Temple.
  3945 | Temple   | Entered the Ecumenical Temple
  3990 | Temple   | Became a worshipper of Warmaster Okawaru
  4129 | D:5      | Reached skill level 5 in Maces & Flails
  4152 | D:5      | Found a radiant altar of Vehumet.
  4882 | D:5      | Reached skill level 6 in Maces & Flails
  6039 | D:7      | Reached * piety under Okawaru
  6039 | D:7      | Reached skill level 7 in Maces & Flails
  6039 | D:7      | Reached XP level 9. HP: 39/53 MP: 9/9
  6667 | D:7      | Reached skill level 8 in Maces & Flails
  7474 | D:7      | Reached skill level 9 in Maces & Flails
  7656 | D:7      | Found a glowing golden altar of the Shining One.
  8010 | D:8      | Reached ** piety under Okawaru
  8496 | D:8      | Noticed Erolcha
  8779 | D:8      | Reached skill level 10 in Maces & Flails
  9422 | D:8      | Killed from afar by Erolcha

Skill      XL: |  1  2  3  4  5  6  7  8  9 |
---------------+----------------------------+-----
Dodging        | 2 3 |  3.4
Shields        | 4 5 6 |  6.6
Armour         | 4 5 |  5.3
Maces & Flails | 3 7 10 | 10.4
Fighting       | 4 |  4.9
Stealth        | |  0.8

Action                   |  1- 3 |  4- 6 |  7- 9 || total
-------------------------+-------+-------+-------++-------
Melee: Flail             |   151 |   192 |   487 ||   830
       Whip              |       |       |   103 ||   103
Invok: Heroism           |       |       |     6 ||     6
  Use: Potion            |     1 |       |     4 ||     5
       Scroll            |       |       |    15 ||    15
 Stab: Invisible         |       |       |     1 ||     1
  Eat: Chunk             |     1 |     2 |     3 ||     6
       Bread ration      |       |     1 |     3 ||     4
       Meat ration       |       |       |     1 ||     1
Armor: Scale mail        |   104 |   142 |       ||   246
       Chain mail        |       |    14 |   310 ||   324
Dodge: Dodged            |    53 |   104 |   150 ||   307
Block: Shield            |   107 |   145 |   304 ||   556
